 Dungeon Crawl Stone Soup version 0.27.1-33-g824d729ab1 (webtiles) character file.

Game seed: 9030254353408670249

2 Descartes the Grasshopper (level 1, 0/9 HPs)
             Began as a Felid Warper on Nov 25, 2021.
             Slain by a hobgoblin (5 damage)
             ... on level 1 of the Dungeon.
             The game lasted 00:00:25 (281 turns).

Descartes the Grasshopper (Felid Warper)             Turns: 281, Time: 00:00:25

Health: 0/9        AC:  1    Str:  7    XL:     1   Next: 25%
Magic:  4/4        EV: 17    Int: 14    God:
Gold:   0          SH:  0    Dex: 15    Spells: 4/4 levels left
                                        Lives:  0   Deaths: 0

rFire    . . .     SeeInvis +     - Unarmed
rCold    . . .     Faith    .   (shield unavailable)
rNeg     . . .     Spirit   .   (armour unavailable)
rPois    .         Reflect  .   (helmet unavailable)
rElec    .         Harm     .   (cloak unavailable)
rCorr    .         Rampage  .   (gloves unavailable)
Will     .....                  (boots unavailable)
Stlth    +.........             (no amulet)
HPRegen  0.03/turn              (no ring)
MPRegen  0.09/turn              (no ring)

@: quick
A: very small, claws 1, fangs 3, see invisible, speed 1, shaggy fur 1, stealthy
paws, no weapons or thrown items, no armour, multi-lived
a: no special abilities


You were on level 1 of the Dungeon.
You visited 1 branch of the dungeon, and saw 1 of its levels.

Inventory:

Scrolls
 a - a scroll of blinking
 b - a scroll of brand weapon {unknown}
 c - a scroll of identify {unknown}


   Skills:
 - Level 2.0 Fighting
 * Level 3.3 Dodging
 + Level 2.0 Unarmed Combat
 - Level 2.0 Spellcasting
 - Level 4.4 Translocations


You had 4 spell levels left.
You didn't know any spells.
Your spell library contained the following spells:

 Spells                   Type           Power      Damage    Failure   Level
 Blink                    Tloc           N/A        N/A       6%          2
 Gell's Gravitas          Tloc           6%         N/A       12%         3
 Lesser Beckoning         Tloc           6%         N/A       12%         3
 Teleport Other           Tloc           13%        N/A       12%         3
 Manifold Assault         Tloc           13%        N/A       73%         5


Dungeon Overview and Level Annotations

Branches:
Dungeon (1/15)

Altars:


Innate Abilities, Weirdness & Mutations

You have sharp claws.
You have razor-sharp teeth.
You have supernaturally acute eyesight. (SInv)
You cover ground quickly. (Speed+)
You are covered in fur. (AC +1)
Your paws help you pounce on unaware monsters.
You are incapable of wielding weapons or throwing items.
You cannot wear armour.
You gain extra lives every three experience levels.


Message History

The ball python constricts you.
You closely miss the ball python.
The ball python is severely wounded.
The ball python barely misses you. The ball python constricts you.
The ball python bites you. The ball python constricts you.
* * * LOW HITPOINT WARNING * * *
You are too injured to fight recklessly!
You are too injured to fight recklessly!
You scratch the ball python.
You kill the ball python!
HP restored.
b - a scroll labelled NUSKASHR SUGOOC You open the door.
Found a scroll labelled TOGONEC ZYORYCK.
c - a scroll labelled TOGONEC ZYORYCK A hobgoblin comes into view.
A rat comes into view.
The hobgoblin shouts!
The hobgoblin misses you.
You scratch the rat. You bite the rat, but do no damage.
The rat is moderately wounded.
The rat bites you.
A giant cockroach comes into view.
The hobgoblin misses you.
You closely miss the rat.
The rat is moderately wounded.
The rat misses you. The hobgoblin misses you.
You closely miss the rat.
The rat is moderately wounded.
The rat closely misses you. The hobgoblin closely misses you.
You closely miss the rat.
The rat is moderately wounded.
The rat closely misses you. The hobgoblin hits you.
You scratch the rat.
You kill the rat!
The giant cockroach closely misses you. The hobgoblin barely misses you.
You scratch the giant cockroach but do no damage.
The giant cockroach misses you. The hobgoblin hits you.
Ouch! That really hurt!
You die...

#.# ## #.# .. #.# #.
### #.#.. .. ##.#.
##.######### ...
..........# #
#.##########........# #
#............B†g....#
###.####### #..@.....#
.........# #........#
##.#####.#####........#
.#.# #..............#
.'.# #..#####+#######
.#.# #..# ##.##+##.##
.........# ##.#####.#


You could see a giant cockroach and a hobgoblin.

Vanquished Creatures
  A ball python (D:1)
  A rat (D:1)
2 creatures vanquished.

Notes
Turn   | Place    | Note
-------+----------+-------------------------------------------
     0 | D:1      | Descartes the Felid Warper began the quest for the Orb.
     0 | D:1      | Reached XP level 1. HP: 9/9 MP: 4/4
   281 | D:1      | Slain by a hobgoblin

Illustrated notes

Levels and vault maps discovered:
D:1:      minmay_arrival_four_houses, layout_basic,
          shapermc_ecumenical_altar_totnotflames, st_stairs_14

Action                   || total
-------------------------++-------
Melee: Unarmed           ||     9
       Bite              ||     2
Dodge: Dodged            ||    11
